 Dungeon Crawl Stone Soup version 0.27-a0-1312-g5cdb2b3542 (webtiles) character file.

Game seed: 16794303541804135539

35 hatdisgam the Chiller (level 3, -4/24 HPs)
             Began as a Demonspawn Ice Elementalist on June 20, 2021.
             Slain by Sigmund (13 damage)
             ... on level 2 of the Dungeon.
             The game lasted 00:02:57 (1571 turns).

hatdisgam the Chiller (Demonspawn Ice Elementalist) Turns: 1571, Time: 00:02:58

Health: -4/24      AC:  2    Str:  8    XL:     3   Next: 17%
Magic:  4/6        EV: 11    Int: 17    God:
Gold:   61         SH:  0    Dex: 13    Spells: 5/6 levels left

rFire    . . .     SeeInvis .   b - +0 dagger
rCold    . . .     Faith    .   d - +0 buckler
rNeg     . . .     Spirit   .   a - +0 robe
rPois    .         Reflect  .   (no helmet)
rElec    .         Harm     .   (no cloak)
rCorr    .         Rampage  .   (no gloves)
Will     .....                  (no boots)
Stlth    +.........             (no amulet)
HPRegen  0.08/turn              (no ring)
MPRegen  0.20/turn              (no ring)

@: confused
A: magic regeneration
a: no special abilities


You were on level 2 of the Dungeon.
You visited 1 branch of the dungeon, and saw 2 of its levels.

You collected 61 gold pieces.

Inventory:

Hand Weapons
 b - a +0 dagger (weapon)
Armour
 a - a +0 robe (worn)
 d - a +0 buckler (worn)
Scrolls
 c - a scroll of enchant armour {unknown}
 e - a scroll of noise {unknown}
Potions
 f - a potion of mutation {unknown}


   Skills:
 - Level 1.7 Dodging
 - Level 1.7 Stealth
 * Level 0.8 Shields
 - Level 2.3 Spellcasting
 + Level 4.2 Ice Magic


You had 5 spell levels left.
You knew the following spells:

 Your Spells              Type           Power      Damage    Failure   Level
a - Freeze                Ice            64%        1d8       4%          1

Your spell library contained the following spells:

 Spells                   Type           Power      Damage    Failure   Level
 Frozen Ramparts          Ice            32%        1d5       14%         3
 Ozocubu's Armour         Ice            16%        N/A       14%         3
 Hailstorm                Conj/Ice       9%         3d4       75%         4
 Metabolic Englaciation   Hex/Ice        4%         N/A       97%         5


Dungeon Overview and Level Annotations

Branches:
Dungeon (2/15)

Altars:

Shops:
D:1 :*

Annotations:
D:2 Sigmund


Innate Abilities, Weirdness & Mutations

You regenerate magic rapidly.


Message History

You hit the giant cockroach.
The giant cockroach is almost dead.
The giant cockroach closely misses you. The giant cockroach barely misses you.
You hit the giant cockroach.
You kill the giant cockroach!
No target in view!
You see here a giant cockroach corpse.
A kobold comes into view. It is wielding a +0 dagger.
Sigmund the Dreaded comes into view.
He is wielding a +0 scythe.
You see here a +0 whip.
You hit the kobold but do no damage. The kobold hits you with a +0 dagger.
You block Sigmund's attack.
Casting: Freeze (safe; 4% risk of failure)
Confirm with . or Enter, or press ? or * to list all spells.
Aiming: Freeze (safe; 4% risk of failure)
Press: ? - help, Shift-Dir - straight line, f - Sigmund
Aim: Sigmund, wielding a +0 scythe and wearing a +2 robe You freeze Sigmund!
Sigmund is moderately wounded.
Sigmund hits you with a +0 scythe!
Ouch! That really hurt!
The kobold barely misses you.
Unknown command.
Casting: Freeze (safe; 4% risk of failure)
Confirm with . or Enter, or press ? or * to list all spells.
Aiming: Freeze (safe; 4% risk of failure)
Press: ? - help, Shift-Dir - straight line, f/p - Sigmund
Aim: Sigmund, wielding a +0 scythe and wearing a +2 robe (moderately wounded)
You freeze Sigmund.
Sigmund is moderately wounded.
Sigmund casts a spell.
Sigmund flickers and vanishes!
Deactivating autopickup; reactivate with Ctrl-A.
The kobold hits you but does no damage.
Unknown command.
You hear some strange, mumbled words.
You are confused.
You bump into the rock wall.
Something hits you!
Ouch! That really hurt!
You die...

#. # #. #.# .##
.... ...
#.#..##.#
#.......# #.
#)###
###..##K..####.##
......{@#.......#
###..##.†.####..#
#. #<#.# # #.#.#
#.#.# #.#.# #.#.#
..... ..#.#


You could see a kobold.

Vanquished Creatures
  A ball python (D:1)
  3 bats (D:1)
  An endoplasm (D:1)
  3 giant cockroaches
  2 goblins (D:1)
  4 hobgoblins (D:1)
  10 jackals (D:1)
  A frilled lizard (D:1)
  2 kobolds (D:1)
  A rat (D:1)
28 creatures vanquished.

Notes
Turn   | Place    | Note
-------+----------+-------------------------------------------
     0 | D:1      | hatdisgam the Demonspawn Ice Elementalist began the quest
                  | for the Orb.
     0 | D:1      | Reached XP level 1. HP: 13/13 MP: 3/3
    70 | D:1      | Found Qeaquaf's Book Emporium.
   339 | D:1      | Gained mutation: You regenerate magic rapidly. [demonic
                  | ancestry]
   339 | D:1      | Reached XP level 2. HP: 19/19 MP: 5/5
   356 | D:1      | Reached skill level 4 in Ice Magic
  1031 | D:1      | Found Hiothank's General Store.
  1283 | D:1      | Reached XP level 3. HP: 24/24 MP: 3/6
  1564 | D:2      | Noticed Sigmund
  1571 | D:2      | Slain by Sigmund

Illustrated notes

Levels and vault maps discovered:
D:1:      ncdulo_smallfort, layout_basic, serial_shops, shop,
          nicolae_shop_crystal
D:2:      layout_loops_ring, basic_ecumenical_altar, kennysheep_generic_room_5,
          uniq_sigmund

Skill      XL: |  1  2 |
---------------+-------+-----
Ice Magic      | 4 |  4.2
Dodging        | |  1.7
Stealth        | |  1.7
Shields        | |  0.8
Spellcasting   | |  2.3

Action                   || total
-------------------------++-------
Melee: Dagger            ||    61
 Cast: Freeze            ||    31
 Stab: Sleeping          ||     2
Armor: Robe              ||    15
Dodge: Dodged            ||    55
Block: Buckler           ||     7

Table legend: (Time is in decaauts)
 A = Elapsed time spent in this place.
 B = Non-inter-level travel time spent in this place.
 C = Inter-level travel time spent in this place.
 D = Time resting spent in this place.
 E = Time spent auto-exploring this place.
 F = Levels seen in this place.
 G = Mean time per level.
                   A        B        C        D        E       F      G
               +--------+--------+--------+--------+--------+-----+--------+
         Total |   1571 |   1554 |     17 |      0 |   1343 |   2 |  785.5 |
       Dungeon |   1571 |   1554 |     17 |      0 |   1343 |   2 |  785.5 |
               +--------+--------+--------+--------+--------+-----+--------+

Top non-repeatable levels by time:
     D:1: 1552 daAuts
     D:2: 19 daAuts
